 Dungeon Crawl Stone Soup version 0.30-a0-782-ge64f9170bb (webtiles) character file.

Game seed: 3207338693813001409

236 KleinerIrrer the Chiller (level 5, -4/36 HPs)
             Began as a Demonspawn Ice Elementalist on Feb 22, 2023.
             Slain by an ogre
             ... wielding a +0 giant spiked club
              (24 damage)
             ... on level 4 of the Dungeon.
             The game lasted 00:06:45 (3296 turns).

KleinerIrrer the Chiller (DsIE)                     Turns: 3296, Time: 00:06:46

Health: -4/36      AC:  9    Str:  8    XL:     5   Next: 77%
Magic:  3/11       EV: 12    Int: 18    God:
Gold:   160        SH:  0    Dex: 14    Spells: 5/12 levels left

rFire   . . .      SeeInvis .    d - +0 dagger
rCold   . . .      Faith    .    (no shield)
rNeg    . . .      Spirit   .    a - +0 robe
rPois   .          Reflect  .    (no helmet)
rElec   .          Harm     .    (no cloak)
rCorr   .          Rampage  .    (no gloves)
Will    .....                    (no boots)
Stlth   ++                       (no amulet)
HPRegen 0.26/turn                (no ring)
MPRegen 0.12/turn                (no ring)

@: ice-armoured, freezing walls
A: hooves 2, rugged brown scales 1
a: no special abilities


You were on level 4 of the Dungeon.
You visited 1 branch of the dungeon, and saw 4 of its levels.

You collected 160 gold pieces.

Inventory:

Hand Weapons
 c - a +0 short sword
 d - a +0 dagger (weapon)
Missiles
 e - a throwing net
Armour
 a - a +0 robe (worn)
Scrolls
 h - a scroll of brand weapon {unknown}
 k - a scroll of torment {unknown}
 l - a scroll of teleportation {unknown}
 m - a scroll of identify
Potions
 b - 3 potions of magic
 f - 5 potions of curing
 g - a potion of heal wounds
 i - a potion of degeneration {unknown}
 j - a potion of flight {unknown}


   Skills:
 - Level 2.0 Dodging
 - Level 2.0 Stealth
 + Level 4.1 Spellcasting
 + Level 5.1 Ice Magic


You had 5 spell levels left.
You knew the following spells:

 Your Spells              Type           Power      Damage    Failure   Level
a - Freeze                Ice            88%        1d9       1%          1
b - Frozen Ramparts       Ice            44%        1d7       5%          3
c - Ozocubu's Armour      Ice            22%        N/A       5%          3

Your spell library contained the following spells:

 Spells                   Type           Power      Damage    Failure   Level
 Beastly Appendage        Tmut           6%         N/A       14%         1
 Sandblast                Erth           6%         2d5       14%         1
 Passwall                 Tmut/Erth      2%         N/A       22%         2
 Wereblood                Tmut           3%         N/A       22%         2
 Spider Form              Tmut/Pois      3%         N/A       41%         3
 Stone Arrow              Conj/Erth      6%         3d7       41%         3
 Summon Ice Beast         Ice/Summ       12%        N/A       45%         4
 Summon Forest            Summ/Tloc      1%         N/A       99%         5
 Eringya's Noxious Bog    Tmut/Pois      1%         N/A       100%        6
 Summon Hydra             Summ           1%         N/A       100%        7


Dungeon Overview and Level Annotations

Branches:
Dungeon (4/15)
 Temple: D:4-7

Altars:
Cheibriados

Shops:
D:3 [


Innate Abilities, Weirdness & Mutations

You have hoof-like feet.
You are partially covered in rugged brown scales. (AC +1, +3% HP)


Message History

An endoplasm comes into view.
The endoplasm quivers.
Things that are here:
a +0 dagger; a goblin corpse
Casting: Frozen Ramparts (dangerous; 5% risk of failure)
Confirm with . or Enter, or press ? or * to list all spells.
Casting: Frozen Ramparts (dangerous; 5% risk of failure)
Press: ? - help, Dir - look around, f - activate The walls around you are covered in ice.
The wall freezes the endoplasm.
Casting: Frozen Ramparts (dangerous; 5% risk of failure)
Confirm with . or Enter, or press ? or * to list all spells.
A film of ice covers your body!
The ogre shouts!
The wall freezes the endoplasm.
The endoplasm freezes you.
You are frozen.
The wall freezes the endoplasm but does no damage.
The endoplasm freezes you.
You are frozen.
The wall freezes the endoplasm.
The endoplasm hits you but does no damage.
The wall freezes the ogre.
You hit the ogre. You kick the ogre.
The ogre is moderately wounded.
The wall freezes the endoplasm!
You kill the endoplasm!
The wall freezes the ogre.
The ogre hits you with a +0 giant spiked club!
You hit the ogre but do no damage. Your kick misses the ogre.
The ogre is heavily wounded.
You hit the ogre but do no damage. You kick the ogre.
The ogre is heavily wounded.
The wall freezes the ogre.
The ogre completely misses you.
You hit the ogre.
The ogre is severely wounded.
The wall freezes the ogre.
The ogre hits you with a +0 giant spiked club!!
Ouch! That really hurt!
You die...

#.. ...+.≈≈≈# ≈≈..
##... #.##..§§# ≈≈#..
#.... +..+....###≈#≈§.
#.....#.##......≈≈≈§..
#.....#.##....≈..≈.≈..
#..#...)..#...........
....#.#.#.#.#.##......
......O.#.#.#.#####.##
.......@...>..........
$...#.#.#.#...########
....#.#.#....†.).....
.#..#.#.#.....#######
.....#..............
.......#......#.#.##
.......#......# ..
###...........# ...
.......<...#..... ..


You could see an ogre.

Vanquished Creatures
  A gnoll bouda (D:3)
  An iron imp (D:3)
  An iguana (D:4)
  3 gnolls (D:3)
  5 adders
  4 dart slugs
  3 orcs (D:3)
  6 endoplasms
  4 giant cockroaches
  8 goblins
  2 hobgoblins
  4 jackals (D:1)
  8 kobolds
  4 quokkas
  3 ball pythons
  5 bats
  2 frilled lizards
  7 rats
71 creatures vanquished.

Vanquished Creatures (others)
  A plant (D:4)
1 creature vanquished.

Grand Total: 72 creatures vanquished

Notes
Turn   | Place    | Note
-------+----------+-------------------------------------------
     0 | D:1      | KleinerIrrer the Demonspawn Ice Elementalist began the
                  | quest for the Orb.
     0 | D:1      | Reached XP level 1. HP: 13/13 MP: 3/3
   101 | D:1      | Gained mutation: You are partially covered in rugged brown
                  | scales. (AC +1, +3% HP) [demonic ancestry]
   101 | D:1      | Reached XP level 2. HP: 13/19 MP: 0/5
   614 | D:1      | Reached skill level 4 in Ice Magic
   614 | D:1      | Gained mutation: You have large cloven feet. [demonic
                  | ancestry]
   614 | D:1      | Reached XP level 3. HP: 21/24 MP: 1/6
  1301 | D:2      | Found a faded altar of an unknown god.
  1476 | D:2      | Gained mutation: You have hoof-like feet. [demonic
                  | ancestry]
  1476 | D:2      | Reached XP level 4. HP: 22/30 MP: 4/8
  1969 | D:3      | Learned a level 3 spell: Frozen Ramparts
  1973 | D:3      | Learned a level 3 spell: Ozocubu's Armour
  2149 | D:3      | Found Letun's Armour Boutique.
  2212 | D:3      | Reached XP level 5. HP: 11/36 MP: 2/10
  3074 | D:3      | Found a snail-covered altar of Cheibriados.
  3086 | D:3      | Reached skill level 5 in Ice Magic
  3275 | D:4      | Noticed an ogre
  3296 | D:4      | Slain by an ogre

Illustrated notes

Levels and vault maps discovered:
D:1:      dpeg_arrival_radiant, layout_basic
D:2:      layout_loops_cross, shapermc_ecumenical_altar_ellora
D:3:      layout_basic, slow_altar_2, serial_shops, nicolae_shop_hallway_stairs,
          dreamdust_wishing_well, dreamdust_mushroom_princess
D:4:      minmay_octagon_keep, layout_basic, nicolae_qazlal_general_emergency,
          nicolae_overflow_crystal_walls, minmay_temple_entry_overgrown

Skill      XL: |  1  2  3  4  5 |
---------------+----------------+-----
Stealth        | 2 |  2.0
Dodging        | 2 |  2.0
Ice Magic      | 4 5 |  5.1
Spellcasting   | 3 4 |  4.1

Action                     |  1- 3 |  4- 6 || total
---------------------------+-------+-------++-------
  Melee: Short sword       |     7 |       ||     7
         Unarmed           |     3 |       ||     3
         Dagger            |    31 |    21 ||    52
         Kick              |     4 |     6 ||    10
   Cast: Freeze            |    57 |    34 ||    91
         Frozen Ramparts   |       |    11 ||    11
         Ozocubu's Armour  |       |     3 ||     3
    Use: Scroll            |     1 |     1 ||     2
   Stab: Sleeping          |     2 |       ||     2
 Armour: Robe              |    23 |     9 ||    32
  Dodge: Dodged            |    58 |    27 ||    85

Table legend: (Time is in decaauts)
 A = Elapsed time spent in this place.
 B = Non-inter-level travel time spent in this place.
 C = Inter-level travel time spent in this place.
 D = Time resting spent in this place.
 E = Time spent auto-exploring this place.
 F = Levels seen in this place.
 G = Mean time per level.
                   A        B        C        D        E       F      G
               +--------+--------+--------+--------+--------+-----+--------+
         Total |   3294 |   3193 |    101 |     38 |   2680 |   4 |  823.5 |
       Dungeon |   3294 |   3193 |    101 |     38 |   2680 |   4 |  823.5 |
               +--------+--------+--------+--------+--------+-----+--------+

Top non-repeatable levels by time:
     D:3: 1322 daAuts
     D:1: 947 daAuts
     D:2: 901 daAuts
     D:4: 122 daAuts
